AoeStats
← giakimo3651

Arabia

507123142Analyzed
1v1 RM · 17d ago on Sep 16, 2026· 47m 1s· 2 players
Game mode
Random Map
Map size
Tiny (2 player)
Population
200
Speed
Normal
Resources
Standard
Victory
Conquest
Starting age
Dark Age
Ending age
Imperial Age
RankedLock teamsTeams togetherTeam positionsShared explorationLock speedFull tech treeHidden civsTurbo modeCheats
Victory
Defeat
🇦🇷 Tupi · Argentina
852
+17
🇮🇹 Burmese · Italy
873
-17
tomi93339
6:14 Loom
9:06 Feudal Age
9:43 Champi Runner
18:44 Castle Age
20:32 Champi Warrior
21:28 Double-Bit Axe
21:50 Horse Collar
22:47 Bow Saw
22:55 Gold Mining
23:42 Heavy Plow
24:30 Stone Mining
25:16 Town Watch
28:35 Wheelbarrow
28:13 Forging
28:04 Scale Mail Armor
29:50 Padded Archer Armor
29:51 Scale Mail Armor
30:46 Hand Cart
32:51 Gold Shaft Mining
32:54 Iron Casting
32:34 Chain Mail Armor
32:09 Fletching
34:09 Caciques
41:00 Imperial Age
41:09 Ballistics
41:10 Elite Blackwood Archer
43:57 Curare
44:14 Conscription
43:56 Elite Champi Warrior
47:48 Chemistry
giakimo3651
8:14 Loom
10:29 Feudal Age
10:56 Horse Collar
25:21 Castle Age
23:58 Padded Archer Armor
24:17 Gold Mining
23:58 Man-at-Arms
25:43 Fletching
26:35 Long Swordsman
27:16 Squires
27:52 Guard Tower
28:38 Murder Holes
29:23 Wheelbarrow
28:49 Gambesons
30:51 Ballistics
29:57 Elite Skirmisher
32:22 Husbandry
33:16 Ballistics
37:59 Imperial Age
35:47 Hand Cart
38:21 Light Cavalry
38:47 Two-Handed Swordsman
Connection lost

Rejoining the realm…

Still unreachable

The connection could not be restored.

Session expired

The server has moved on; the page needs a fresh start.